 Dungeon Crawl Stone Soup version 0.29.0-11-gd7f09526c8 (webtiles) character file.

Game seed: 6593793506481633638

39 Descartes the Trooper (level 3, 0/29 HPs)
             Began as a Formicid Wanderer on Sept 6, 2022.
             Succumbed to an adder's poison
             ... on level 2 of the Dungeon.
             The game lasted 00:02:04 (1225 turns).

Descartes the Trooper (Formicid Wanderer)           Turns: 1225, Time: 00:02:04

Health: 0/29       AC:  3    Str: 19    XL:     3   Next: 70%
Magic:  5/5        EV: 11    Int: 13    God:
Gold:   80         SH:  0    Dex: 10    Spells: 3/4 levels left

rFire   . . .      SeeInvis +   a - +1 spear
rCold   . . .      Faith    .   (no shield)
rNeg    . . .      Spirit   .   c - +0 leather armour
rPois   .          Reflect  .   (helmet unavailable)
rElec   .          Harm     .   (no cloak)
rCorr   .          Rampage  .   (no gloves)
Will    .....                   (no boots)
Stlth   +.........              (no amulet)
HPRegen 0.09/turn               (no ring)
MPRegen 0.09/turn               (no ring)

@: lethally poisoned (0 -> -6)
A: permanent stasis, dig shafts and tunnels, antennae 3, four strong arms
a: Dig, Shaft Self


You were on level 2 of the Dungeon.
You visited 1 branch of the dungeon, and saw 2 of its levels.

You collected 80 gold pieces.

Inventory:

Hand Weapons
 a - a +1 spear (weapon)
Armour
 c - a +0 leather armour (worn)
Jewellery
 d - an amulet of magic regeneration
Scrolls
 e - 4 scrolls of identify {unknown}
 f - 2 scrolls of fog {unknown}
 l - a scroll of amnesia {unknown}
Potions
 b - a potion of heal wounds
 g - a potion of attraction {unknown}
 h - a potion of curing {unknown}
 i - a potion of haste {unknown}
 j - 2 potions of flight {unknown}
 k - 2 potions of mutation {unknown}


   Skills:
 + Level 3.5 Fighting
 + Level 0.5(2.1) Axes
 + Level 0.6(0.8) Maces & Flails
 + Level 3.1(3.2) Polearms
 + Level 1.4 Armour
 + Level 1.2 Shields
 + Level 1.4 Spellcasting
 + Level 0.5 Translocations
 - Level 2.0 Ice Magic
 + Level 0.9 Evocations


You had 3 spell levels left.
You knew the following spells:

 Your Spells              Type           Power      Damage    Failure   Level
a - Freeze                Ice            24%        1d5       14%         1

Your spell library contained the following spells:

 Spells                   Type           Power      Damage    Failure   Level
 Ensorcelled Hibernation  Hex/Ice        6%         N/A       32%         2
 Ice Form                 Ice/Tmut       3%         N/A       91%         4


Dungeon Overview and Level Annotations

Branches:
Dungeon (2/15)

Altars:


Innate Abilities, Weirdness & Mutations

You cannot be hasted, slowed, berserked, paralysed or teleported.
You can dig through walls and to a lower floor.
You have a pair of large antennae on your head. (SInv)
Your four strong arms can wield two-handed weapons with a shield.


Message History

The jackal bites you.
* * * LOW HITPOINT WARNING * * *
You hit the jackal.
The jackal is severely wounded.
An adder comes into view.
The jackal bites you.
* * * LOW HITPOINT WARNING * * *
The adder hisses angrily.
You hit the jackal but do no damage.
The jackal is severely wounded.
The jackal closely misses you.
You completely miss the jackal.
The jackal is severely wounded.
The jackal bites you but does no damage.
The jackal bites you.
* * * LOW HITPOINT WARNING * * *
You hit the jackal.
You kill the jackal!
A frilled lizard comes into view.
The frilled lizard hisses angrily.
Unknown command.
Unknown command.
You are too injured to fight recklessly!
You are too injured to fight recklessly!
You are too injured to fight recklessly!
You are too injured to fight recklessly!
You barely miss the adder. The adder bites you but does no damage.
You hit the adder.
The adder is severely wounded.
The adder bites you.
* * * LOW HITPOINT WARNING * * *
You are lethally poisoned!
The adder poisons you!
You miss the adder.
The adder is severely wounded.
* * * LOW HITPOINT WARNING * * *
You feel sick. The adder barely misses you.
You closely miss the adder.
The adder is severely wounded.
You die...

#...{...#.#####
#....{.†#.....#
#.#.....#$....#
#.............#
#
....#...##l....#
.# ...
##.........#.#
.. #.####.###..#
.. #S#...## ...
#.@.# .... ###.#
.... ##


You could see an adder and a frilled lizard.

Vanquished Creatures
  6 endoplasms
  3 giant cockroaches (D:1)
  A goblin (D:1)
  A hobgoblin (D:1)
  4 jackals (D:2)
  6 kobolds (D:1)
  3 quokkas (D:1)
  6 ball pythons (D:1)
  A bat (D:1)
  A frilled lizard (D:1)
  2 rats (D:1)
34 creatures vanquished.

Notes
Turn   | Place    | Note
-------+----------+-------------------------------------------
     0 | D:1      | Descartes the Formicid Wanderer began the quest for the
                  | Orb.
     0 | D:1      | Descartes set off with the following items: a +1 spear, a
                  | potion of heal wounds, a +0 leather armour; and the
                  | following spell memorised: Freeze; and the following spells
                  | available to memorise: Ensorcelled Hibernation, Ice Form.
     0 | D:1      | Reached XP level 1. HP: 18/18 MP: 2/2
   288 | D:1      | Reached XP level 2. HP: 20/24 MP: 3/3
   780 | D:1      | Noticed an eye of devastation
   782 | D:1      | Found a faded altar of an unknown god.
   784 | D:1      | Noticed a floating eye
   784 | D:1      | Noticed a great orb of eyes
   784 | D:1      | Noticed a golden eye
   841 | D:1      | Reached XP level 3. HP: 27/29 MP: 4/4
  1192 | D:2      | Reached skill level 1 in Shields
  1224 | D:2      | HP: 1/29 [poisoned by an adder]
  1225 | D:2      | Succumbed to an adder's poison

Illustrated notes

Levels and vault maps discovered:
D:1:      spicycebolla_arrival_transporter_tutorial, layout_basic,
          hellmonk_ecumenical_altar_watching_god
D:2:      layout_rooms

Skill      XL: |  1  2  3 |
---------------+----------+-----
Shields        | 1 |  1.2
Fighting       | |  3.5
Axes           | |  0.5
Maces & Flails | |  0.6
Polearms       | |  3.1
Armour         | |  1.4
Spellcasting   | |  1.4
Translocations | |  0.5
Ice Magic      | |  2.0
Evocations     | |  0.9

Action                   || total
-------------------------++-------
Melee: Spear             ||   120
       Punch             ||     1
 Stab: Sleeping          ||     1
Armor: Leather armour    ||    28
Dodge: Dodged            ||    54
